 Dungeon Crawl Stone Soup version 0.23-a0-487-gc6253629db (webtiles) character file.

18 MirrMurr the Poker (level 2, -2/22 HPs)
             Began as a Demonspawn Gladiator on Dec 1, 2018.
             Slain by a hobgoblin
             ... wielding a +0 club
              (3 damage)
             ... on level 1 of the Dungeon.
             The game lasted 00:01:41 (645 turns).

MirrMurr the Poker (Demonspawn Gladiator)            Turns: 645, Time: 00:01:42

Health: -2/22      AC:  3    Str: 14    XL:     2   Next: 48%
Magic:  2/2        EV: 13    Int:  9    God:
Gold:   13         SH:  0    Dex: 14    Spells: 1/1 levels left

rFire    . . .     SeeInvis .   a - +0 trident
rCold    . . .     Gourm    .   (no shield)
rNeg     . . .     Faith    .   b - +0 leather armour
rPois    .         Spirit   .   (helmet restricted)
rElec    .         Reflect  .   (no cloak)
rCorr    .         Harm     .   (no gloves)
MR       .....                  (no boots)
Stlth    +.........             (no amulet)
HPRegen  0.07/turn              (no ring)
MPRegen  0.08/turn              (no ring)

@: no status effects
A: antennae 1
a: no special abilities


You were on level 1 of the Dungeon.
You were not hungry.

You visited 1 branch of the dungeon, and saw 1 of its levels.

You collected 13 gold pieces.

Inventory:

Hand Weapons
 a - a +0 trident (weapon)
Missiles
 d - 3 throwing nets {!f}
 g - 4 javelins (quivered)
 h - 18 stones
Armour
 b - a +0 leather armour (worn)
Scrolls
 e - a scroll of magic mapping {unknown}
 i - a scroll of remove curse {unknown}
 j - a scroll of identify {unknown}
Comestibles
 f - a ration


   Skills:
 + Level 2.2 Fighting
 * Level 3.0 Polearms
 - Level 1.7 Throwing
 + Level 0.6 Armour
 + Level 2.9 Dodging


You had one spell level left.
You didn't know any spells.
Your spell library was empty.

Dungeon Overview and Level Annotations

Branches:
Dungeon (1/15)

Altars:


Innate Abilities, Weirdness & Mutations

You have a pair of small antennae on your head.


Message History

You are too injured to fight recklessly!
The hobgoblin hits you with a +0 club.
You completely miss the hobgoblin. The hobgoblin hits you with a +0 club.
* * * LOW HITPOINT WARNING * * *
You hit the hobgoblin.
The hobgoblin is severely wounded.
The hobgoblin barely misses you.
You hit the dart slug.
The dart slug is moderately wounded.
The hobgoblin closely misses you. The dart slug launches a dart at you.
The slug dart misses you.
You puncture the dart slug!
You kill the dart slug!
The hobgoblin hits you with a +0 club.
* * * LOW HITPOINT WARNING * * *
You barely miss the hobgoblin.
The hobgoblin is severely wounded.
The hobgoblin hits you with a +0 club.
You die...

#..#.).....#
#.########## #.. #.##
### #.# ...# #.. ..##
...# #.# ##...########
...# #.###..#.........
.[.#####.##..###.#......
.......#.##...#..#......
...........†....@g......
.......#.......#.#......
...######.#.............
...# #.#.............
...# #.#......##.####
[..# #.###..### .# #.##
#.# #.... # .÷.######..
..... .....#.. .#.##.#


You could see a hobgoblin.

Vanquished Creatures
  A dart slug (D:1)
  A leopard gecko (D:1)
  2 bats (D:1)
  A giant cockroach (D:1)
  A goblin (D:1)
  2 hobgoblins (D:1)
  2 kobolds (D:1)
  A frilled lizard (D:1)
  3 rats (D:1)
14 creatures vanquished.

Notes
Turn   | Place    | Note
-------+----------+-------------------------------------------
     0 | D:1      | MirrMurr the Demonspawn Gladiator began the quest for the
                  | Orb.
     0 | D:1      | Reached XP level 1. HP: 16/16 MP: 1/1
   257 | D:1      | Gained mutation: You have a pair of small antennae on your
                  | head. [demonic ancestry]
   257 | D:1      | Reached XP level 2. HP: 22/22 MP: 2/2
   352 | D:1      | Reached skill level 3 in Polearms
   644 | D:1      | HP: 1/22 [hobgoblin/+0 club (3)]
   645 | D:1      | Slain by a hobgoblin

Vault maps used:
D:1:      dpeg_arrival_lava_altar

Skill      XL: |  1  2 |
---------------+-------+-----
Polearms       | 3 |  3.0
Fighting       | |  2.2
Throwing       | |  1.7
Armour         | |  0.6
Dodging        | |  2.9

Action                   || total
-------------------------++-------
Melee: Trident           ||    43
 Stab: Sleeping          ||     1
Armor: Leather armour    ||    12
Dodge: Dodged            ||    16

Table legend:
 A = Non-vault XP
 B = Vault XP
 C = Vault XP percentage of total XP
 D = Non-vault monster count
 E = Vault monster count
 F = Vault count percentage of total count
                 A         B        C        D         E       F
            +---------+---------+-------+---------+---------+-------
      Total |      26 |       0 |   0.0 |      14 |       0 |   0.0
            +---------+---------+-------+---------+---------+-------
        D:1 |      26 |       0 |   0.0 |      14 |       0 |   0.0
            +---------+---------+-------+---------+---------+-------
